 Dungeon Crawl Stone Soup version 0.31-a0-1388-g4b2ba238e7 (webtiles) character file.

Game seed: 8961915198780781967

6377 MisterAzrael the Mimic (level 10, -1/78 HPs)
             Began as an Octopode Shapeshifter on Dec 24, 2023.
             Was an Initiate of Ashenzari.
             Slain by a hound (5 damage)
             ... on level 11 of the Dungeon.
             The game lasted 00:22:07 (13136 turns).

MisterAzrael the Mimic (Octopode Shapeshifter)     Turns: 13136, Time: 00:22:08

Health: -1/78      AC:  1    Str: 17    XL:     10   Next: 97%
Magic:  13/13      EV: 17    Int: 13    God:    Ashenzari [......]
Gold:   845        SH:  0    Dex: 12    Spells: 0/13 levels left

rFire   . .          .
                       - Unarmed
rCold   . . .        (shield currently unavailable)
rNeg    . . .        (helmet restricted)
rPois   +            (no amulet)
rElec   .            o - ring of see invisible
rCorr   .            k - ring of wizardry
SInv    +            f - ring "Shackled Together" {rPois, Dev, Comp} (curse)
Will    .....        g - ring of wizardry
Stlth   +            (no ring)
HPRegen 0.33/turn    (no ring)
MPRegen 0.13/turn    (no ring)
                     (no ring)

%: clarity, wizardry (x2)
@: confused, flux-form, ambrosia-drunk, glowing, studying Fighting
A: glow, contaminating, almost no armour, amphibious, 8 rings, camouflage 1,
gelatinous body 1, nimble swimmer 1, tentacles, clarity, evolution 1
a: Begin Untransformation, Renounce Religion, Shatter the Chains


You were on level 11 of the Dungeon.
You worshipped Ashenzari.
Ashenzari was noncommittal.
You were something dangerously unstable.
You visited 2 branches of the dungeon, and saw 12 of its levels.
You also visited: Sewer and Ossuary.

You collected 845 gold pieces.

Inventory:

Missiles
 d - 56 poisoned darts
 i - 22 boomerangs (quivered)
 t - 2 throwing nets
Jewellery
 f - the cursed ring "Shackled Together" (on tentacle) {rPois, Dev, Comp}
   (You found it on level 9 of the Dungeon)

   [ring of poison resistance]

   rPois:     It protects you from poison It has a curse which improves the
   following skills: Devices: Evocations and Shapeshifting.
   Companions: Summonings and Necromancy.
 g - a ring of wizardry (on tentacle)
 k - a ring of wizardry (right tentacle)
 o - a ring of see invisible (left tentacle)
 v - a ring of poison resistance
Talismans
 a - a blade talisman
 b - a beast talisman
 c - a flux talisman (active)
 z - a granite talisman
Wands
 s - a wand of iceblast (5)
 w - a wand of paralysis (16)
 D - a wand of polymorph (2)
Scrolls
 h - 2 scrolls of identify
 j - 2 scrolls of immolation
 n - 3 scrolls of teleportation
 q - a scroll of enchant armour
 r - a scroll of fog
 x - a scroll of enchant weapon
 y - a scroll of revelation
Potions
 e - a potion of enlightenment
 l - 2 potions of brilliance
 m - a potion of ambrosia
 p - 4 potions of magic
 A - 2 potions of invisibility
 B - 4 potions of curing
 C - a potion of resistance


   Skills:
 + Level 11.1 Fighting
 - Level 2.0 Dodging
 - Level 6.9 Unarmed Combat
 - Level 2.0 Spellcasting
 - Level 4.3(4.7) Summonings
 * Level 11.2(11.6) Shapeshifting


You couldn't memorise any spells.
You knew the following spells:

 Your Spells              Type           Power      Damage    Failure   Level
a - Summon Small Mammal   Summ           52%        N/A       1%          1
b - Call Canine Familiar  Summ           13%        N/A       3%          3
c - Alistair's Intoxicat  Alch           0%         N/A       83%         5
d - Dispel Undead         Necr           1%         3d6       50%         4

Your spell library contained the following spells:

 Spells                   Type           Power      Damage    Failure   Level
 Apportation              Tloc           2%         N/A       7%          1
 Kiss of Death            Conj/Necr      4%         2d5       7%          1
 Summon Guardian Golem    Hex/Summ       7%         N/A       8%          3
 Jinxbite                 Hex            2%         N/A       11%         2
 Confusing Touch          Hex            1%         N/A       19%         3
 Ozocubu's Armour         Ice            1%         N/A       19%         3
 Metabolic Englaciation   Hex/Ice        0%         N/A       83%         5
 Simulacrum               Ice/Necr       0%         N/A       100%        6
 Chain Lightning          Conj/Air       0%         2d1       100%        9
 Fire Storm               Conj/Fire      0%         6d1       100%        9
 Shatter                  Erth           0%         3d5*      100%        9


Dungeon Overview and Level Annotations

Branches:
Dungeon (11/15)            Temple (1/1) D:5            Lair (0/5) D:11
  Sewer (visited)         Ossuary (visited)
    Orc: D:9-12

Altars:
Ashenzari
Cheibriados
Dithmenos
Elyvilon
Gozag
Hepliaklqana
Kikubaaqudgha
Makhleb
Nemelex Xobeh
Okawaru
Qazlal
Ru
Sif Muna
Trog
Uskayaw
Vehumet
Wu Jian
Xom
Yredelemnul
Zin
The Shining One

Shops:
D:4 *   D:5 !

Annotations:
D:6 3 runed translucent doors, Jose's ghost, novice TrSh


Innate Abilities, Weirdness & Mutations

You are something dangerously unstable.
You glow with magical radiation, making you easy to see and hit.
Foes you strike become dangerously contaminated with magical radiation.
You are incapable of wielding weapons or throwing items.
You cannot wear most types of armour.
You are amphibious.
You can wear up to eight rings at the same time.
Your skin changes colour to match your surroundings (Stealth+).
Your rubbery body absorbs attacks. (AC +1, EV +1)
You are camouflaged when in or above water. (Stealth+)
You have tentacles for arms and can constrict up to eight enemies at once.
You possess an exceptional clarity of mind.
You have hidden genetic potential.


Message History

You constrict the orc warrior, but do no damage.
The orc warrior escapes!
The gnoll sergeant cowers, then darts away.
There is an open door here.
Cornered, the gnoll sergeant turns to fight!
There is an open door here.
There is an escape hatch in the floor here.
You slide downwards.
The hatch slams shut behind you.
The troll shouts!
The hound barks! x2; The wolf howls!
The two-headed ogre shouts in stereo!
The hound barks! x2; You hear a bellow! x2
Found a staircase to the Lair.
You enter the shallow water.
The hound bites you.
* * * LOW HITPOINT WARNING * * *
The electric eel shoots out a bolt of lightning at you!
The bolt of electricity hits you!
* * * LOW HITPOINT WARNING * * *
The hound barely misses you. The hound attacks as it pursues you!
The hound bites you.
* * * LOW HITPOINT WARNING * * *
The wolf barely misses you. The wolf completely misses you.
Okay, then.
Okay, then.
You are confused.
You feel invigorated. The wolf closely misses you. The wolf barely misses you.
The hound closely misses you. The hound bites you.
* * * LOW HITPOINT WARNING * * *
The wolf bites you.
* * * LOW HITPOINT WARNING * * *
The wolf closely misses you.
You completely miss the hound. Your squeeze misses the hound.
The hound splashes around in the water.
The hound closely misses you. The hound bites you.
* * * LOW HITPOINT WARNING * * *
The wolf closely misses you. The hound closely misses you.
The hound completely misses you.
The electric eel shoots out a bolt of lightning at you!
The bolt of electricity hits you!
* * * LOW HITPOINT WARNING * * *
The hound bites you.
You die...

......~~...~....
.....≈~≈.~.~~...
#..~≈~≈~.~.≈≈...
#...~~≈~.~≈≈≈~..
#....~~~.≈≈≈≈~..
#..~O.~~.~~≈~...
#..≈~~≈T..≈~≈...
#.~≈~≈hh.~.~≈~..
#≈~≈≈p≈h...~≈~..
#≈≈≈≈Shh....~≈~≈
#≈≈≈≈h~.>.S.~~~.
#≈≈≈≈≈S....≈≈≈..
#≈≈≈≈~.~.~.~~~≈.
#~~≈≈~≈~≈~~~~...
#..≈≈≈≈≈≈~~≈~..
#.~.≈≈~~~.~~~~


You could see a two-headed ogre, a troll, 2 wolves, 4 hounds and 3 electric
eels.

Vanquished Creatures
  A tengu warrior (D:10)
  Joseph (D:9)
  Maurice (D:10)
  A hornet (D:8)
  A slime creature (D:8)
  A wyvern (D:9)
  9 yaks
  2 vampire mosquitoes
  2 water moccasins
  Pargi (Sewer)
  An orc warrior (D:7)
  A black bear (D:5)
  A centaur (D:8)
  6 kobold brigands
  A brain worm (Sewer)
  A gnoll sergeant (D:7)
  3 scorpions
  6 killer bees
  5 howler monkeys
  2 gnoll boudas
  4 orc priests
  3 hounds
  9 jellies
  Terence (D:3)
  Jessica (D:3)
  2 iguanas (D:5)
  6 orc wizards
  4 scorpion zombies (Ossuary)
  A sleepcap (D:5)
  3 mummies (Ossuary)
  10 gnolls
  6 adders
  A river rat (D:3)
  A shadow imp (D:5)
  A white imp (D:6)
  2 ufetubi (D:6)
  5 adder zombies (Ossuary)
  A worm (D:2)
  3 dart slugs
  29 orcs
  6 ball pythons
  9 endoplasms
  2 giant cockroaches
  A gnoll zombie (Ossuary)
  5 goblins
  5 hobgoblins
  7 jackals
  37 kobolds
  2 frilled lizards (Sewer)
  3 jackal zombies (Ossuary)
  4 kobold zombies (Ossuary)
  7 rats
228 creatures vanquished.

Vanquished Creatures (collateral kills)
  A crimson imp (D:8)
  A gnoll (D:6)
  A kobold (D:4)
3 creatures vanquished.

Grand Total: 231 creatures vanquished

Notes
Turn   | Place    | Note
-------+----------+-------------------------------------------
     0 | D:1      | MisterAzrael the Octopode Shapeshifter began the quest for
                  | the Orb.
     0 | D:1      | Reached XP level 1. HP: 13/13 MP: 1/1
   208 | D:1      | Reached XP level 2. HP: 18/18 MP: 2/2
   586 | D:1      | Learned a level 1 spell: Summon Small Mammal
   808 | D:2      | Reached XP level 3. HP: 21/23 MP: 3/3
  1459 | D:3      | Reached XP level 4. HP: 16/28 MP: 4/4
  1488 | D:3      | Found a glowing drain.
  1535 | Sewer    | Entered a sewer
  1548 | Sewer    | Reached skill level 1 in Summonings
  1611 | Sewer    | Noticed a brain worm
  1615 | Sewer    | Killed a brain worm
  1616 | Sewer    | Reached skill level 1 in Spellcasting
  1616 | Sewer    | Reached XP level 5. HP: 29/33 MP: 6/6
  1775 | Sewer    | Noticed Pargi
  1782 | Sewer    | Killed Pargi
  1783 | Sewer    | Reached XP level 6. HP: 4/38 MP: 8/8
  2332 | D:3      | Noticed Jessica
  2344 | D:3      | Killed Jessica
  2351 | D:3      | Learned a level 3 spell: Call Canine Familiar
  2466 | D:3      | Noticed Terence
  2472 | D:3      | Killed Terence
  2473 | D:3      | Reached skill level 5 in Unarmed Combat
  2857 | D:3      | Reached XP level 7. HP: 43/43 MP: 10/10
  3031 | D:4      | Found Mommym's Overcharged Wands.
  3159 | D:4      | Reached skill level 5 in Shapeshifting
  3355 | D:5      | Entered Level 5 of the Dungeon
  3673 | D:5      | Found a staircase to the Ecumenical Temple.
  3692 | Temple   | Entered the Ecumenical Temple
  3942 | D:5      | Identified the +9 war axe of Xoffirph {vamp, rCorr}
  4045 | D:5      | Found Gaysh's Distillery.
  4439 | D:6      | Reached XP level 8. HP: 42/48 MP: 11/11
  4586 | D:6      | Found a runed translucent gate.
  4592 | D:6      | Found a runed translucent gate.
  4593 | D:6      | Found a runed translucent gate.
  4594 | D:6      | Noticed Jose's ghost (novice TrSh)
  5046 | D:6      | Found an ornate altar of the Wu Jian Council.
  5396 | D:7      | Found an iron altar of Okawaru.
  5397 | D:7      | Found a hazy altar of Hepliaklqana.
  6665 | D:8      | Reached skill level 5 in Fighting
  6665 | D:8      | Reached XP level 9. HP: 29/61 MP: 12/12
  6853 | D:8      | Found a sand-covered staircase.
  6887 | D:8      | Found a bloodstained altar of Trog.
  6909 | Ossuary  | Entered an ossuary
  8191 | D:8      | Noticed a hornet
  8274 | D:8      | Killed a hornet
  8325 | D:8      | Found a burning altar of Makhleb.
  8326 | D:8      | Found a shimmering altar of Xom.
  8935 | D:8      | Found a radiant altar of Vehumet.
  8935 | D:8      | Found a sparkling altar of Nemelex Xobeh.
  8935 | D:8      | Found a shadowy altar of Dithmenos.
  8935 | D:8      | Found a basalt altar of Yredelemnul.
  8935 | D:8      | Found a glowing silver altar of Zin.
  8935 | D:8      | Found a shimmering altar of Xom.
 10490 | D:8      | Reached XP level 10. HP: 24/73 MP: 13/13
 10871 | D:9      | Found a broken altar of Ashenzari.
 10890 | D:9      | Became a worshipper of Ashenzari the Shackled
 11007 | D:9      | Reached skill level 10 in Shapeshifting
 11729 | D:9      | Noticed Joseph
 11740 | D:9      | Killed Joseph
 11741 | D:9      | Reached skill level 10 in Fighting
 12027 | D:10     | Entered Level 10 of the Dungeon
 12812 | D:10     | Noticed Maurice
 12819 | D:10     | Killed Maurice
 12843 | D:10     | Identified the +0 ring mail "Vadaddif" {rF+}
 12868 | D:10     | Noticed a tengu warrior
 12875 | D:10     | Killed a tengu warrior
 13088 | D:10     | Gained mutation: You possess an exceptional clarity of
                  | mind. [potion of mutation]
 13088 | D:10     | Gained mutation: You have hidden genetic potential. [potion
                  | of mutation]
 13095 | D:10     | Learned a level 5 spell: Alistair's Intoxication
 13100 | D:10     | Learned a level 4 spell: Dispel Undead
 13131 | D:11     | Noticed a two-headed ogre
 13131 | D:11     | Found a staircase to the Lair.
 13136 | D:11     | Slain by a hound

Illustrated notes

Levels and vault maps discovered:
D:1:      tarquinn_simple_flora_water_f, layout_basic
D:2:      layout_basic
D:3:      layout_loops_ring, gup_sewer_entry_bowl, uniq_terence, uniq_jessica
D:4:      layout_cave_pools, nicolae_shop_overcharged_wands
D:5:      layout_loops_corners, minmay_temple_entry_statues_fountains,
          serial_shops, shop
D:6:      layout_rooms, lemuel_tele_altar, biasface_ghost_orc_armoury,
          hangedman_decor_push
D:7:      layout_basic, jmf_multi_god_temple
D:8:      cheibrodos_fertilizer, layout_layer_cave,
          grunt_temple_overflow_champion_of_chaos, kennysheep_mini,
          mainiacjoe_ossuary_entry_dusty_tomb, serial_park_tiny_pond,
          supply_closet_lemuel
D:9:      layout_basic, nicolae_overflow_crystal_walls, uniq_joseph
D:10:     layout_big_octagon, fedhas_bush_and_centaur_altar, david_orc_5,
          evilmike_minifort, uniq_snorg, uniq_maurice
D:11:     layout_basic, erik_lair_island
Temple:   nicolae_temple_ecumenical_triangle

Skill      XL: |  1  2  3  4  5  6  7  8  9 10 |
---------------+-------------------------------+-----
Summonings     | 1 2 3 4 |  4.3
Unarmed Combat | 4 5 6 |  6.9
Spellcasting   | 1 2 |  2.0
Shapeshifting  | 4 5 6 9 11 | 11.2
Fighting       | 5 8 11 | 11.1
Dodging        | |  2.0

Action                     |  1- 3 |  4- 6 |  7- 9 | 10-12 || total
---------------------------+-------+-------+-------+-------++-------
  Melee: Unarmed           |    41 |    74 |   297 |    90 ||   502
         Constrict         |    11 |    13 |    73 |    13 ||   110
         Tentacles         |     7 |    10 |    68 |    16 ||   101
         Punch             |       |     3 |    21 |     2 ||    26
  Throw: Boomerang         |       |       |    11 |       ||    11
         Dart              |       |       |     8 |       ||     8
   Cast: Summon Small Mamm |       |     2 |       |       ||     2
         Call Canine Famil |       |       |     5 |       ||     5
 Invoke: Curse Item        |       |       |       |     1 ||     1
    Use: Potion            |       |     7 |     7 |     4 ||    18
         Scroll            |       |     6 |    13 |     4 ||    23
   Stab: Sleeping          |     9 |     4 |    11 |       ||    24
 Armour: Skin              |    15 |    37 |   203 |    79 ||   334
  Dodge: Dodged            |    17 |    45 |   171 |    87 ||   320
   Form: Blade             |       |       |     1 |       ||     1
         Statue            |       |       |       |     1 ||     1
         Flux              |       |       |       |     1 ||     1

Table legend: (Time is in decaauts)
 A = Elapsed time spent in this place.
 B = Non-inter-level travel time spent in this place.
 C = Inter-level travel time spent in this place.
 D = Time resting spent in this place.
 E = Time spent auto-exploring this place.
 F = Levels seen in this place.
 G = Mean time per level.
                   A        B        C        D        E       F      G
               +--------+--------+--------+--------+--------+-----+--------+
         Total |  13103 |  12497 |    606 |   3812 |   6888 |  14 |  935.9 |
       Dungeon |  11815 |  11209 |    606 |   3048 |   6621 |  11 | 1074.1 |
        Temple |     17 |     17 |      0 |      0 |      0 |   1 |   17.0 |
         Sewer |    413 |    413 |      0 |    129 |    188 |   1 |  413.0 |
       Ossuary |    856 |    856 |      0 |    635 |     79 |   1 |  856.0 |
               +--------+--------+--------+--------+--------+-----+--------+

Top non-repeatable levels by time:
     D:8: 3172 daAuts
     D:9: 1960 daAuts
     D:7: 1274 daAuts
     D:3: 1080 daAuts
     D:5: 986 daAuts
 Ossuary: 856 daAuts
     D:2: 850 daAuts
     D:6: 834 daAuts
     D:1: 642 daAuts
    D:10: 542 daAuts
     D:4: 464 daAuts
   Sewer: 413 daAuts
  Temple: 17 daAuts
    D:11: 4 daAuts
